 Dungeon Crawl Stone Soup version 0.32-a0-7-ge934b4519a (console) character file.

Game seed: 6183010833537603282

92 petzl the Sneak (level 4, -2/35 HPs)
             Began as a Formicid Delver on Jan 14, 2024.
             Slain by a goblin
             ... wielding a +0 dagger
             ... led by Robin
              (4 damage)
             ... on level 3 of the Dungeon.
             The game lasted 00:05:28 (2136 turns).

petzl the Sneak (Formicid Delver)                   Turns: 2136, Time: 00:05:29

Health: -2/35      AC:  3    Str: 16    XL:     4   Next: 90%
Magic:  10/10      EV: 12    Int: 12    God:
Gold:   81         SH:  0    Dex: 15    Spells: 11/11 levels left

rFire   . . .        a - +0 dagger (venom) {!f =f}
rCold   . . .        (no shield)
rNeg    . . .        b - +0 leather armour
rPois   .            (helmet unavailable)
rElec   .            (no cloak)
rCorr   .            (no gloves)
SInv    +            (no boots)
Will    .....        g - amulet of regeneration
Stlth   +++          (no ring)
HPRegen 1.05/turn    (no ring)
MPRegen 0.12/turn

%: no passive effects
@: no status effects
A: permanent stasis, dig shafts and tunnels, antennae 3, four strong arms
a: Dig, Shaft Self


You were on level 3 of the Dungeon.
You visited 2 branches of the dungeon, and saw 8 of its levels.

You collected 125 gold pieces.
You spent 44 gold pieces at shops.

Inventory:

Hand Weapons
 a - a +0 dagger of venom (weapon) {!f =f}
Missiles
 p - 6 poisoned darts
Armour
 b - a +0 leather armour (worn)
Jewellery
 g - an amulet of regeneration (around neck)
Wands
 f - a wand of digging (3)
Scrolls
 d - a scroll of revelation
 h - 3 scrolls of identify {unknown}
 i - a scroll of amnesia {unknown}
 k - a scroll of poison {unknown}
 l - a scroll of fog
 m - a scroll of blinking {unknown}
 n - a scroll of teleportation {unknown}
Potions
 c - 2 potions of haste {unknown}
 e - 2 potions of heal wounds {unknown}
 j - 2 potions of resistance {unknown}
 o - a potion of enlightenment {unknown}


   Skills:
 - Level 3.2 Fighting
 - Level 2.0 Maces & Flails
 - Level 1.7 Dodging
 - Level 6.0 Stealth
 + Level 4.1 Spellcasting


You had 11 spell levels left.
You didn't know any spells.
Your spell library was empty.

Dungeon Overview and Level Annotations

Branches:
Dungeon (7/15)             Temple (1/1) D:7

Altars:
Cheibriados
Elyvilon
Hepliaklqana
Kikubaaqudgha
Nemelex Xobeh
Okawaru
Qazlal
Uskayaw
Xom
Yredelemnul
The Shining One

Shops:
D:1 *

Annotations:
D:3 Robin


Innate Abilities, Weirdness & Mutations

You cannot be hasted, slowed, berserked, paralysed or teleported.
You can dig through walls and to a lower floor.
You have a pair of large antennae on your head. (SInv)
Your four strong arms can wield two-handed weapons with a shield.


Message History

The goblin hits you with a +0 dagger.
You closely miss the goblin. The goblin barely misses you.
The goblin hits you with a +0 dagger.
You closely miss the goblin. The goblin hits you but does no damage.
The goblin hits you with a +0 dagger.
You hit the goblin but do no damage. The goblin hits you but does no damage.
A goblin comes into view. It is wielding a +0 dagger.
The goblin barely misses you.
You barely miss the goblin. The goblin hits you with a +0 club.
The goblin hits you with a +0 dagger.
The goblin shouts!
You hit the goblin.
The goblin is poisoned.
The goblin is severely wounded.
You kill the goblin!
The goblin misses you.
You hit the goblin.
You kill the goblin!
Robin throws the goblin at you! The goblin hits you with a +0 dagger.
You hit the goblin.
You kill the goblin!
Robin throws the goblin at you! The goblin closely misses you.
You barely miss the goblin.
A hobgoblin comes into view.
The goblin hits you with a +0 dagger. The goblin hits you with a +0 club.
You miss the goblin. The goblin hits you with a +0 dagger.
The goblin hits you with a +0 club.
* * * LOW HITPOINT WARNING * * *
You barely miss the goblin.
The goblin no longer looks unusually strong.
The goblin hits you with a +0 dagger.
* * * LOW HITPOINT WARNING * * *
The goblin hits you with a +0 club.
* * * LOW HITPOINT WARNING * * *
Okay, then.
Unknown command.
Are you sure you want to shaft yourself?
The goblin hits you with a +0 club.
* * * LOW HITPOINT WARNING * * *
The goblin hits you with a +0 dagger.
You die...

##### #...# ###############.#.#
......†.......<...#
######################.......#.#..
.............g@gggg.##.......#.#.#
......)..[#########.##.......#.# #
.########.# , #.......#.# #.#
#######.#.. #.# #.### #.# #.. #.#
#### ##...#######.###.###
....................
#......####.###.### +......# #.#
#......# #.# #......# #.#
#......####.# #.........(# {
###..####### { ##.# ,
#####'####### ### ####o###
#............ { #.. o...o.oS


You could see Robin, a hobgoblin (strong) and 3 goblins.

Vanquished Creatures
  Natasha (D:3)
  3 adders
  A ribbon worm (D:3)
  4 ball pythons
  2 endoplasms
  4 giant cockroaches
  5 goblins
  A hobgoblin (D:1)
  4 jackals (D:1)
  2 kobolds
  3 bats
  A frilled lizard (D:1)
  5 rats (D:1)
36 creatures vanquished.

Notes
Turn   | Place    | Note
-------+----------+-------------------------------------------
     0 | D:5      | petzl the Formicid Delver began the quest for the Orb.
     0 | D:5      | Reached XP level 1. HP: 18/18 MP: 1/1
   126 | D:3      | Noticed Natasha
   141 | D:3      | Noticed a cerulean imp
   143 | D:3      | Noticed a cerulean imp
   196 | D:3      | Noticed an orc priest
   201 | D:3      | You fall into a shaft and drop 3 floors!
   255 | D:7      | Found a staircase to the Ecumenical Temple.
   263 | Temple   | Entered the Ecumenical Temple
   314 | D:5      | Noticed a bombardier beetle
   319 | D:5      | Noticed a hound
   319 | D:5      | Noticed a sleepcap
   351 | D:5      | Noticed a scorpion
   515 | D:2      | Reached skill level 1 in Spellcasting
   515 | D:2      | Reached XP level 2. HP: 15/24 MP: 1/4
   914 | D:1      | Reached XP level 3. HP: 29/29 MP: 6/6
  1039 | D:1      | Found Pofoeth's Assorted Antiques.
  1043 | D:1      | Bought a scroll labelled KOGIGI ZALOE for 22 gold pieces
  1043 | D:1      | Bought a scroll labelled BUDGHO VIOSH for 22 gold pieces
  2007 | D:3      | Reached XP level 4. HP: 28/35 MP: 8/8
  2033 | D:3      | Killed Natasha
  2121 | D:3      | Noticed Robin
  2136 | D:3      | Slain by a goblin

Illustrated notes

Levels and vault maps discovered:
D:1:      ncdulo_halloftheorcs, layout_loops_corners, serial_shops,
          nicolae_shop_back_alley_shop, amcnicky_mini_corridor_feature,
          nicolae_titane
D:2:      layout_basic
D:3:      layout_basic, uniq_natasha, uniq_robin
D:4:      layout_basic, nicolae_wu_jian_immortal_techniques,
          mainiacjoe_overflow_alcove_3
D:5:      layout_gridville, lemuel_round_altar, nicolae_ossuary_entry_ruins
D:6:      layout_loops_cross
D:7:      layout_loops_corners, grunt_gozag_statues, nicolae_ashenzari_skybound,
          minmay_temple_entry_wispy, enter_bailey_2, uniq_menkaure
Temple:   minmay_temple_curvy_loop

Skill      XL: |  1  2  3  4 |
---------------+-------------+-----
Spellcasting   | 1 2 3 4 |  4.1
Fighting       | |  3.2
Maces & Flails | |  2.0
Dodging        | |  1.7
Stealth        | |  6.0

Action                     |  1- 3 |  4- 6 || total
---------------------------+-------+-------++-------
  Melee: Mace              |    52 |       ||    52
         Dagger            |    16 |    20 ||    36
Ability: Shaft Self        |     1 |     1 ||     2
         Dig               |     1 |       ||     1
    Use: Scroll            |     2 |       ||     2
   Stab: Sleeping          |    10 |     2 ||    12
         Distracted        |       |     1 ||     1
 Armour: Leather armour    |    42 |    23 ||    65
  Dodge: Dodged            |    53 |     8 ||    61

Table legend: (Time is in decaauts)
 A = Elapsed time spent in this place.
 B = Non-inter-level travel time spent in this place.
 C = Inter-level travel time spent in this place.
 D = Time resting spent in this place.
 E = Time spent auto-exploring this place.
 F = Levels seen in this place.
 G = Mean time per level.
                   A        B        C        D        E       F      G
               +--------+--------+--------+--------+--------+-----+--------+
         Total |   2151 |   2012 |    139 |      7 |   1313 |   8 |  268.9 |
       Dungeon |   2149 |   2011 |    138 |      7 |   1313 |   7 |  307.0 |
        Temple |      1 |      0 |      1 |      0 |      0 |   1 |    1.0 |
               +--------+--------+--------+--------+--------+-----+--------+

Top non-repeatable levels by time:
     D:1: 969 daAuts
     D:2: 580 daAuts
     D:3: 423 daAuts
     D:6: 67 daAuts
     D:5: 57 daAuts
     D:7: 37 daAuts
     D:4: 14 daAuts
  Temple: 1 daAuts
